Workbook
Name CPU: #REF!
Name SETOP: 'SETOP OUTUBRO'!$B$3:$F$1048576
Name SETOP: 'SETOP OUTUBRO'!$B$3:$F$1048576
Name SINAPI: 'SINAPI DEZEMBRO'!$B$2:$E$1048576
Name SINAPI: 'SINAPI DEZEMBRO'!$B$2:$E$1048576

Sheet ORÇ
A1: ATA DE REGISTRO DE PREÇOS
A2: Data: | C2: =TODAY() -> 45797 | J2: Data Base SINAPI: JANEIRO/2025 Não-desonerado
J3: Data Base SETOP: JANEIRO/2025 Não-desonerado
A4: ITEM | B4: DESCRIÇÃO | I4: ITEM | J4: REFERÊNCIA | K4: UNID. | L4: QUANTIDADE | M4: PREÇO UNIT. | N4: TOTAL
A5: 1 | B5: QUADRO DE PROFISSIONAIS
A6: 1.1 | B6: =IF(J6="SINAPI",VLOOKUP(ORÇ!I6,ORÇ!SINAPI,2,),VLOOKUP(ORÇ!I6,ORÇ!SETOP,3,)) -> ARQUITETO DE OBRA PLENO COM ENCARGOS COMPLEMENTARES | I6: 90769 | J6: SINAPI | K6: =IF(J6="SINAPI",VLOOKUP(ORÇ!I6,ORÇ!SINAPI,3,),VLOOKUP(ORÇ!I6,ORÇ!SETOP,4,)) -> H | L6: =20*2*15 -> 600 | M6: 119.7 | N6: =ROUND(L6*M6,2) -> 71820
A7: 1.2 | B7: =IF(J7="SINAPI",VLOOKUP(ORÇ!I7,ORÇ!SINAPI,2,),VLOOKUP(ORÇ!I7,ORÇ!SETOP,3,)) -> ARQUITETO DE OBRA JUNIOR COM ENCARGOS COMPLEMENTARES | I7: 90768 | J7: SINAPI | K7: =IF(J7="SINAPI",VLOOKUP(ORÇ!I7,ORÇ!SINAPI,3,),VLOOKUP(ORÇ!I7,ORÇ!SETOP,4,)) -> H | L7: 600 | M7: 113.56 | N7: =ROUND(L7*M7,2) -> 68136
A8: 1.3 | B8: =IF(J8="SINAPI",VLOOKUP(ORÇ!I8,ORÇ!SINAPI,2,),VLOOKUP(ORÇ!I8,ORÇ!SETOP,3,)) -> ENGENHEIRO CIVIL DE OBRA SENIOR COM ENCARGOS COMPLEMENTARES | I8: 90779 | J8: SINAPI | K8: =IF(J8="SINAPI",VLOOKUP(ORÇ!I8,ORÇ!SINAPI,3,),VLOOKUP(ORÇ!I8,ORÇ!SETOP,4,)) -> H | L8: 600 | M8: 152.09 | N8: =ROUND(L8*M8,2) -> 91254
A9: 1.4 | B9: =IF(J9="SINAPI",VLOOKUP(ORÇ!I9,ORÇ!SINAPI,2,),VLOOKUP(ORÇ!I9,ORÇ!SETOP,3,)) -> ENGENHEIRO CIVIL DE OBRA PLENO COM ENCARGOS COMPLEMENTARES | I9: 90778 | J9: SINAPI | K9: =IF(J9="SINAPI",VLOOKUP(ORÇ!I9,ORÇ!SINAPI,3,),VLOOKUP(ORÇ!I9,ORÇ!SETOP,4,)) -> H | L9: =L8 -> 600 | M9: 121.99 | N9: =ROUND(L9*M9,2) -> 73194
A10: 1.5 | B10: =IF(J10="SINAPI",VLOOKUP(ORÇ!I10,ORÇ!SINAPI,2,),VLOOKUP(ORÇ!I10,ORÇ!SETOP,3,)) -> ENGENHEIRO CIVIL DE OBRA JUNIOR COM ENCARGOS COMPLEMENTARES | I10: 90777 | J10: SINAPI | K10: =IF(J10="SINAPI",VLOOKUP(ORÇ!I10,ORÇ!SINAPI,3,),VLOOKUP(ORÇ!I10,ORÇ!SETOP,4,)) -> H | L10: 1200 | M10: 118.01 | N10: =ROUND(L10*M10,2) -> 141612
A11: 1.6 | B11: ENGENHEIRO ELETRICISTA SENIOR COM ENCARGOS COMPLEMENTARES | I11: CO-27344 | J11: SEINFRA | K11: H | L11: 600 | M11: 167.07 | N11: =ROUND(L11*M11,2) -> 100242
A12: 1.7 | B12: ENGENHEIRO HÍDRICO SENIOR COM ENGARGOS COMPLEMENTARES | I12: CO-27344 | J12: SEINFRA | K12: H | L12: =L11 -> 600 | M12: 167.07 | N12: =ROUND(L12*M12,2) -> 100242
A13: 1.8 | B13: ENGENHEIRO HÍDRICO PLENO COM ENGARGOS COMPLEMENTARES | I13: CO-27347 | J13: SEINFRA | K13: H | L13: =L11 -> 600 | M13: 136.28 | N13: =ROUND(L13*M13,2) -> 81768
A14: 1.9 | B14: ENGENHEIRO AMBIENTAL JUNIOR COM ENGARGOS COMPLEMENTARES | I14: CO-33080 | J14: SEINFRA | K14: H | L14: =L12 -> 600 | M14: 126.46 | N14: =ROUND(L14*M14,2) -> 75876
A15: 1.10 | B15: ENGENHEIRO AMBIENTAL PLENO COM ENGARGOS COMPLEMENTARES | I15: CO-33081 | J15: SEINFRA | K15: H | L15: =L13 -> 600 | M15: 130.86 | N15: =ROUND(L15*M15,2) -> 78516
A16: 1.11 | B16: ENGENHEIRO MECÂNICO PLENO COM ENGARGOS COMPLEMENTARES | I16: CO-27347 | J16: SEINFRA | K16: H | L16: =L14 -> 600 | M16: 136.28 | N16: =ROUND(L16*M16,2) -> 81768
A17: 1.12 | B17: ENGENHEIRO MECÂNICO JUNIOR COM ENGARGOS COMPLEMENTARES | I17: CO-27348 | J17: SEINFRA | K17: H | L17: =L15 -> 600 | M17: 126.46 | N17: =ROUND(L17*M17,2) -> 75876
A18: 1.14 | B18: ENGENHEIRO AGRIMENSOR JUNIOR COM ENCARGOS COMPLEMENTARES | I18: CO-33074 | J18: SEINFRA | K18: H | L18: =L16 -> 600 | M18: 126.46 | N18: =ROUND(L18*M18,2) -> 75876
A19: 1.15 | B19: BIÓLOGO, NÍVEL JÚNIOR, INCLUSIVE ENCARGOS COMPLEMENTARES | I19: CO-33070 | J19: SEINFRA | K19: H | L19: =L17 -> 600 | M19: 38.57 | N19: =ROUND(L19*M19,2) -> 23142
A20: SUBTOTAL | N20: =SUM(N6:N19) -> 1139322
A21: 2 | B21: PRANCHAS DE PROJETOS
A22: 2.1 | B22: =IF(J22="SINAPI",VLOOKUP(ORÇ!I22,ORÇ!SINAPI,2,),VLOOKUP(ORÇ!I22,ORÇ!SETOP,3,)) -> CRITÉRIOS P/ PAGAMENTO DE PRANCHAS - A0 | I22: CO-27352 | J22: SEINFRA | K22: =IF(J22="SINAPI",VLOOKUP(ORÇ!I22,ORÇ!SINAPI,3,),VLOOKUP(ORÇ!I22,ORÇ!SETOP,4,)) -> % A1 | L22: 50 | M22: =ROUND(IF(J22="SINAPI",VLOOKUP(ORÇ!I22,ORÇ!SINAPI,4,),VLOOKUP(ORÇ!I22,ORÇ!SETOP,5,)),2) -> 170 | N22: =ROUND(L22*M22,2) -> 8500
A23: 2.2 | B23: =IF(J23="SINAPI",VLOOKUP(ORÇ!I23,ORÇ!SINAPI,2,),VLOOKUP(ORÇ!I23,ORÇ!SETOP,3,)) -> CRITÉRIOS P/ PAGAMENTO DE PRANCHAS - A1 ALONGADO | I23: CO-27355 | J23: SEINFRA | K23: =IF(J23="SINAPI",VLOOKUP(ORÇ!I23,ORÇ!SINAPI,3,),VLOOKUP(ORÇ!I23,ORÇ!SETOP,4,)) -> % A1 | L23: 500 | M23: =ROUND(IF(J23="SINAPI",VLOOKUP(ORÇ!I23,ORÇ!SINAPI,4,),VLOOKUP(ORÇ!I23,ORÇ!SETOP,5,)),2) -> 130 | N23: =ROUND(L23*M23,2) -> 65000
A24: 2.3 | B24: =IF(J24="SINAPI",VLOOKUP(ORÇ!I24,ORÇ!SINAPI,2,),VLOOKUP(ORÇ!I24,ORÇ!SETOP,3,)) -> CRITÉRIOS P/ PAGAMENTO DE PRANCHAS - A2 | I24: CO-27356 | J24: SEINFRA | K24: =IF(J24="SINAPI",VLOOKUP(ORÇ!I24,ORÇ!SINAPI,3,),VLOOKUP(ORÇ!I24,ORÇ!SETOP,4,)) -> % A1 | L24: 50 | M24: =ROUND(IF(J24="SINAPI",VLOOKUP(ORÇ!I24,ORÇ!SINAPI,4,),VLOOKUP(ORÇ!I24,ORÇ!SETOP,5,)),2) -> 50 | N24: =ROUND(L24*M24,2) -> 2500
A25: 2.4 | B25: =IF(J25="SINAPI",VLOOKUP(ORÇ!I25,ORÇ!SINAPI,2,),VLOOKUP(ORÇ!I25,ORÇ!SETOP,3,)) -> CRITÉRIOS P/ PAGAMENTO DE PRANCHAS - A3 | I25: CO-27358 | J25: SEINFRA | K25: =IF(J25="SINAPI",VLOOKUP(ORÇ!I25,ORÇ!SINAPI,3,),VLOOKUP(ORÇ!I25,ORÇ!SETOP,4,)) -> % A1 | L25: 100 | M25: =ROUND(IF(J25="SINAPI",VLOOKUP(ORÇ!I25,ORÇ!SINAPI,4,),VLOOKUP(ORÇ!I25,ORÇ!SETOP,5,)),2) -> 25 | N25: =ROUND(L25*M25,2) -> 2500
A26: SUBTOTAL | N26: =SUM(N22:N25) -> 78500
A27: 3 | B27: PLANILHAS ORÇAMENTÁRIAS
A28: 3.1 | B28: =IF(J28="SINAPI",VLOOKUP(ORÇ!I28,ORÇ!SINAPI,2,),VLOOKUP(ORÇ!I28,ORÇ!SETOP,3,)) -> PLANILHA ORÇAMENTÁRIA PARA CONSTRUÇÕES NOVAS - ÁREA ATÉ 1.000 M2 | I28: CO-27390 | J28: SEINFRA | K28: =IF(J28="SINAPI",VLOOKUP(ORÇ!I28,ORÇ!SINAPI,3,),VLOOKUP(ORÇ!I28,ORÇ!SETOP,4,)) -> m2 | L28: =P28*Q28 -> 7500 | M28: 4.7 | N28: =ROUND(L28*M28,2) -> 35250 | P28: 15 | Q28: 500
A29: 3.2 | B29: =IF(J29="SINAPI",VLOOKUP(ORÇ!I29,ORÇ!SINAPI,2,),VLOOKUP(ORÇ!I29,ORÇ!SETOP,3,)) -> PLANILHA ORÇAMENTÁRIA PARA CONSTRUÇÕES NOVAS - ÁREA DE 1.001 M2 A 2.000 M2 | I29: CO-27391 | J29: SEINFRA | K29: =IF(J29="SINAPI",VLOOKUP(ORÇ!I29,ORÇ!SINAPI,3,),VLOOKUP(ORÇ!I29,ORÇ!SETOP,4,)) -> m2 | L29: =P29*Q29 -> 7500 | M29: 4.09 | N29: =ROUND(L29*M29,2) -> 30675 | P29: 5 | Q29: 1500
A30: 3.3 | B30: =IF(J30="SINAPI",VLOOKUP(ORÇ!I30,ORÇ!SINAPI,2,),VLOOKUP(ORÇ!I30,ORÇ!SETOP,3,)) -> PLANILHA ORÇAMENTÁRIA PARA CONSTRUÇÕES NOVAS - ÁREA DE 2.001 M2 A 4.000 M2 | I30: CO-27392 | J30: SEINFRA | K30: =IF(J30="SINAPI",VLOOKUP(ORÇ!I30,ORÇ!SINAPI,3,),VLOOKUP(ORÇ!I30,ORÇ!SETOP,4,)) -> m2 | L30: =P30*Q30 -> 9000 | M30: 3.54 | N30: =ROUND(L30*M30,2) -> 31860 | P30: 3 | Q30: 3000
A31: 3.4 | B31: =IF(J31="SINAPI",VLOOKUP(ORÇ!I31,ORÇ!SINAPI,2,),VLOOKUP(ORÇ!I31,ORÇ!SETOP,3,)) -> PLANILHA ORÇAMENTÁRIA PARA CONSTRUÇÕES NOVAS - ÁREA DE 4.001 M2 A 6.000 M2 | I31: CO-27394 | J31: SEINFRA | K31: =IF(J31="SINAPI",VLOOKUP(ORÇ!I31,ORÇ!SINAPI,3,),VLOOKUP(ORÇ!I31,ORÇ!SETOP,4,)) -> m2 | L31: =P31*Q31 -> 15000 | M31: 2.93 | N31: =ROUND(L31*M31,2) -> 43950 | P31: 3 | Q31: 5000
A32: 3.5 | B32: =IF(J32="SINAPI",VLOOKUP(ORÇ!I32,ORÇ!SINAPI,2,),VLOOKUP(ORÇ!I32,ORÇ!SETOP,3,)) -> PLANILHA ORÇAMENTÁRIA PARA CONSTRUÇÕES NOVAS - ÁREA DE 6.001 M2 A 8.000 M2 | I32: CO-27395 | J32: SEINFRA | K32: =IF(J32="SINAPI",VLOOKUP(ORÇ!I32,ORÇ!SINAPI,3,),VLOOKUP(ORÇ!I32,ORÇ!SETOP,4,)) -> m2 | L32: =P32*Q32 -> 12000 | M32: 2.32 | N32: =ROUND(L32*M32,2) -> 27840 | P32: 3 | Q32: 4000
A33: 3.6 | B33: =IF(J33="SINAPI",VLOOKUP(ORÇ!I33,ORÇ!SINAPI,2,),VLOOKUP(ORÇ!I33,ORÇ!SETOP,3,)) -> PLANILHA ORÇAMENTÁRIA PARA CONSTRUÇÕES NOVAS - ÁREA DE 8.001 M2 A 10.000 M2 | I33: CO-27396 | J33: SEINFRA | K33: =IF(J33="SINAPI",VLOOKUP(ORÇ!I33,ORÇ!SINAPI,3,),VLOOKUP(ORÇ!I33,ORÇ!SETOP,4,)) -> m2 | L33: =P33*Q33 -> 24000 | M33: 1.77 | N33: =ROUND(L33*M33,2) -> 42480 | P33: 3 | Q33: 8000
A34: 3.7 | B34: =IF(J34="SINAPI",VLOOKUP(ORÇ!I34,ORÇ!SINAPI,2,),VLOOKUP(ORÇ!I34,ORÇ!SETOP,3,)) -> PLANILHA ORÇAMENTÁRIA PARA CONSTRUÇÕES NOVAS - ÁREA ACIMA DE 10.000 M2 | I34: CO-27397 | J34: SEINFRA | K34: =IF(J34="SINAPI",VLOOKUP(ORÇ!I34,ORÇ!SINAPI,3,),VLOOKUP(ORÇ!I34,ORÇ!SETOP,4,)) -> m2 | L34: =P34*Q34 -> 45000 | M34: 1.16 | N34: =ROUND(L34*M34,2) -> 52200 | P34: 3 | Q34: 15000
A35: 3.8 | B35: =IF(J35="SINAPI",VLOOKUP(ORÇ!I35,ORÇ!SINAPI,2,),VLOOKUP(ORÇ!I35,ORÇ!SETOP,3,)) -> PLANILHA ORÇAMENTÁRIA PARA REFORMA E/OU AMPLIAÇÃO DE EDIFICAÇÕES EXISTENTES- ÁREA ATÉ 1.000 M2 | I35: CO-27399 | J35: SEINFRA | K35: =IF(J35="SINAPI",VLOOKUP(ORÇ!I35,ORÇ!SINAPI,3,),VLOOKUP(ORÇ!I35,ORÇ!SETOP,4,)) -> m2 | L35: =P35*Q35 -> 7500 | M35: =ROUND(IF(J35="SINAPI",VLOOKUP(ORÇ!I35,ORÇ!SINAPI,4,),VLOOKUP(ORÇ!I35,ORÇ!SETOP,5,)),2) -> 2.76 | N35: =ROUND(L35*M35,2) -> 20700 | P35: 15 | Q35: 500
A36: 3.9 | B36: =IF(J36="SINAPI",VLOOKUP(ORÇ!I36,ORÇ!SINAPI,2,),VLOOKUP(ORÇ!I36,ORÇ!SETOP,3,)) -> PLANILHA ORÇAMENTÁRIA PARA REFORMA E/OU AMPLIAÇÃO DE EDIFICAÇÕES EXISTENTES - ÁREA DE 1.001 M2 A 2.000 M2 | I36: CO-27400 | J36: SEINFRA | K36: =IF(J36="SINAPI",VLOOKUP(ORÇ!I36,ORÇ!SINAPI,3,),VLOOKUP(ORÇ!I36,ORÇ!SETOP,4,)) -> m2 | L36: =P36*Q36 -> 4500 | M36: 3.41 | N36: =ROUND(L36*M36,2) -> 15345 | P36: 3 | Q36: 1500
A37: 3.10 | B37: =IF(J37="SINAPI",VLOOKUP(ORÇ!I37,ORÇ!SINAPI,2,),VLOOKUP(ORÇ!I37,ORÇ!SETOP,3,)) -> PLANILHA ORÇAMENTÁRIA PARA REFORMA E/OU AMPLIAÇÃO DE EDIFICAÇÕES EXISTENTES - ÁREA DE 2.001 M2 A 4.000 M2 | I37: CO-27401 | J37: SEINFRA | K37: =IF(J37="SINAPI",VLOOKUP(ORÇ!I37,ORÇ!SINAPI,3,),VLOOKUP(ORÇ!I37,ORÇ!SETOP,4,)) -> m2 | L37: =P37*Q37 -> 6000 | M37: 2.86 | N37: =ROUND(L37*M37,2) -> 17160 | P37: 2 | Q37: 3000
A38: 3.11 | B38: =IF(J38="SINAPI",VLOOKUP(ORÇ!I38,ORÇ!SINAPI,2,),VLOOKUP(ORÇ!I38,ORÇ!SETOP,3,)) -> PLANILHA ORÇAMENTÁRIA PARA REFORMA E/OU AMPLIAÇÃO DE PATRIMÔNIOS HISTÓRICOS - ÁREA DE 4.001 M2 A 6.000 M2 | I38: CO-27409 | J38: SEINFRA | K38: =IF(J38="SINAPI",VLOOKUP(ORÇ!I38,ORÇ!SINAPI,3,),VLOOKUP(ORÇ!I38,ORÇ!SETOP,4,)) -> m2 | L38: =P38*Q38 -> 5000 | M38: 2.38 | N38: =ROUND(L38*M38,2) -> 11900 | P38: 1 | Q38: 5000
A39: 3.12 | B39: =IF(J39="SINAPI",VLOOKUP(ORÇ!I39,ORÇ!SINAPI,2,),VLOOKUP(ORÇ!I39,ORÇ!SETOP,3,)) -> PLANILHA ORÇAMENTÁRIA PARA REFORMA E/OU AMPLIAÇÃO DE EDIFICAÇÕES EXISTENTES - ÁREA DE 6.001 M2 A 8.000 M2 | I39: CO-27403 | J39: SEINFRA | K39: =IF(J39="SINAPI",VLOOKUP(ORÇ!I39,ORÇ!SINAPI,3,),VLOOKUP(ORÇ!I39,ORÇ!SETOP,4,)) -> m2 | L39: =P39*Q39 -> 4000 | M39: 1.91 | N39: =ROUND(L39*M39,2) -> 7640 | P39: 1 | Q39: 4000
A40: 3.13 | B40: =IF(J40="SINAPI",VLOOKUP(ORÇ!I40,ORÇ!SINAPI,2,),VLOOKUP(ORÇ!I40,ORÇ!SETOP,3,)) -> PLANILHA ORÇAMENTÁRIA PARA REFORMA E/OU AMPLIAÇÃO DE EDIFICAÇÕES EXISTENTES - ÁREA DE 8.001 M2 A 10.000 M2 | I40: CO-27404 | J40: SEINFRA | K40: =IF(J40="SINAPI",VLOOKUP(ORÇ!I40,ORÇ!SINAPI,3,),VLOOKUP(ORÇ!I40,ORÇ!SETOP,4,)) -> m2 | L40: =P40*Q40 -> 8000 | M40: 1.43 | N40: =ROUND(L40*M40,2) -> 11440 | P40: 1 | Q40: 8000
A41: 3.14 | B41: =IF(J41="SINAPI",VLOOKUP(ORÇ!I41,ORÇ!SINAPI,2,),VLOOKUP(ORÇ!I41,ORÇ!SETOP,3,)) -> PLANILHA ORÇAMENTÁRIA PARA REFORMA E/OU AMPLIAÇÃO DE EDIFICAÇÕES EXISTENTES - ÁREA ACIMA DE 10.000 M2 | I41: CO-27405 | J41: SEINFRA | K41: =IF(J41="SINAPI",VLOOKUP(ORÇ!I41,ORÇ!SINAPI,3,),VLOOKUP(ORÇ!I41,ORÇ!SETOP,4,)) -> m2 | L41: =P41*Q41 -> 15000 | M41: 0.95 | N41: =ROUND(L41*M41,2) -> 14250 | P41: 1 | Q41: 15000
A42: 3.15 | B42: =IF(J42="SINAPI",VLOOKUP(ORÇ!I42,ORÇ!SINAPI,2,),VLOOKUP(ORÇ!I42,ORÇ!SETOP,3,)) -> PLANILHA ORÇAMENTÁRIA PARA OBRAS DE INFRAESTRUTURA | I42: CO-27413 | J42: SEINFRA | K42: =IF(J42="SINAPI",VLOOKUP(ORÇ!I42,ORÇ!SINAPI,3,),VLOOKUP(ORÇ!I42,ORÇ!SETOP,4,)) -> m2 | L42: =P42*Q42 -> 45000 | M42: 0.14 | N42: =ROUND(L42*M42,2) -> 6300 | P42: 9 | Q42: 5000
A43: SUBTOTAL | N43: =SUM(N28:N42) -> 368990
A44: 4 | B44: PROJETOS ESPECÍFICOS
A45: 4.1 | B45: =IF(J45="SINAPI",VLOOKUP(ORÇ!I45,ORÇ!SINAPI,2,),VLOOKUP(ORÇ!I45,ORÇ!SETOP,3,)) -> ANTEPROJETO DE EDIFICAÇÃO - ÁREA > 3.000 M2 | I45: CO-27417 | J45: SEINFRA | K45: =IF(J45="SINAPI",VLOOKUP(ORÇ!I45,ORÇ!SINAPI,3,),VLOOKUP(ORÇ!I45,ORÇ!SETOP,4,)) -> un | L45: 5 | M45: 13115.62 | N45: =ROUND(M45*L45,2) -> 65578.1
A46: 4.2 | B46: =IF(J46="SINAPI",VLOOKUP(ORÇ!I46,ORÇ!SINAPI,2,),VLOOKUP(ORÇ!I46,ORÇ!SETOP,3,)) -> ANTEPROJETO DE EDIFICAÇÃO - ÁREA <= 600 M2 | I46: CO-27414 | J46: SEINFRA | K46: =IF(J46="SINAPI",VLOOKUP(ORÇ!I46,ORÇ!SINAPI,3,),VLOOKUP(ORÇ!I46,ORÇ!SETOP,4,)) -> un | L46: 15 | M46: 3812.91 | N46: =ROUND(M46*L46,2) -> 57193.65
A47: 4.3 | B47: =IF(J47="SINAPI",VLOOKUP(ORÇ!I47,ORÇ!SINAPI,2,),VLOOKUP(ORÇ!I47,ORÇ!SETOP,3,)) -> ANTEPROJETO DE EDIFICAÇÃO - 1.500 M2 < ÁREA <= 3.000 M2 | I47: CO-27416 | J47: SEINFRA | K47: =IF(J47="SINAPI",VLOOKUP(ORÇ!I47,ORÇ!SINAPI,3,),VLOOKUP(ORÇ!I47,ORÇ!SETOP,4,)) -> un | L47: 5 | M47: 11436.93 | N47: =ROUND(M47*L47,2) -> 57184.65
A48: 4.4 | B48: =IF(J48="SINAPI",VLOOKUP(ORÇ!I48,ORÇ!SINAPI,2,),VLOOKUP(ORÇ!I48,ORÇ!SETOP,3,)) -> ANTEPROJETO DE EDIFICAÇÃO - 600 M2 < ÁREA <= 1.500 M2 | I48: CO-27415 | J48: SEINFRA | K48: =IF(J48="SINAPI",VLOOKUP(ORÇ!I48,ORÇ!SINAPI,3,),VLOOKUP(ORÇ!I48,ORÇ!SETOP,4,)) -> un | L48: 5 | M48: 7625.82 | N48: =ROUND(M48*L48,2) -> 38129.1
A49: 4.5 | B49: =IF(J49="SINAPI",VLOOKUP(ORÇ!I49,ORÇ!SINAPI,2,),VLOOKUP(ORÇ!I49,ORÇ!SETOP,3,)) -> ANTEPROJETO DE IMPLANTAÇÃO DE EDIFICAÇÃO PADRÃO COM ÁREA DE PROJEÇÃO < = 600 M2 | I49: CO-27418 | J49: SEINFRA | K49: un | L49: 15 | M49: 2521.53 | N49: =ROUND(M49*L49,2) -> 37822.95
A50: 4.6 | B50: =IF(J50="SINAPI",VLOOKUP(ORÇ!I50,ORÇ!SINAPI,2,),VLOOKUP(ORÇ!I50,ORÇ!SETOP,3,)) -> ANTEPROJETO DE IMPLANTAÇÃO DE EDIFICAÇÃO PADRÃO COM ÁREA DE PROJEÇÃO > 3.000 M2 | I50: CO-27421 | J50: SEINFRA | K50: un | L50: 5 | M50: 10437.16 | N50: =ROUND(M50*L50,2) -> 52185.8
A51: 4.7 | B51: ANTEPROJETO DE IMPLANTAÇÃO DE EDIFICAÇÃO PADRÃO COM 1.500 < ÁREA DE PROJEÇÃO <= 3.000 M2 | I51: CO-27420 | J51: SEINFRA | K51: un | L51: 5 | M51: 7917.59 | N51: =ROUND(M51*L51,2) -> 39587.95
A52: 4.8 | B52: ANTEPROJETO DE IMPLANTAÇÃO DE EDIFICAÇÃO PADRÃO COM 600 M2 < ÁREA DE PROJEÇÃO = 1.500 M2 | I52: CO-27419 | J52: SEINFRA | K52: un | L52: 5 | M52: 3966.03 | N52: =ROUND(M52*L52,2) -> 19830.15
A53: 4.1 | B53: =IF(J53="SINAPI",VLOOKUP(ORÇ!I53,ORÇ!SINAPI,2,),VLOOKUP(ORÇ!I53,ORÇ!SETOP,3,)) -> PROJETO EXECUTIVO DE ARQUITETURA | I53: CO-27422 | J53: SEINFRA | K53: =IF(J53="SINAPI",VLOOKUP(ORÇ!I53,ORÇ!SINAPI,3,),VLOOKUP(ORÇ!I53,ORÇ!SETOP,4,)) -> PR A1 | L53: 30 | M53: 2018.16 | N53: =ROUND(M53*L53,2) -> 60544.8
A54: 4.2 | B54: =IF(J54="SINAPI",VLOOKUP(ORÇ!I54,ORÇ!SINAPI,2,),VLOOKUP(ORÇ!I54,ORÇ!SETOP,3,)) -> DESENVOLVIMENTO E DETALHAMENTO DE PROJETO ARQUITETÔNICO | I54: CO-27423 | J54: SEINFRA | K54: =IF(J54="SINAPI",VLOOKUP(ORÇ!I54,ORÇ!SINAPI,3,),VLOOKUP(ORÇ!I54,ORÇ!SETOP,4,)) -> PR A1 | L54: 60 | M54: 571.89 | N54: =ROUND(M54*L54,2) -> 34313.4
A55: 4.3 | B55: =IF(J55="SINAPI",VLOOKUP(ORÇ!I55,ORÇ!SINAPI,2,),VLOOKUP(ORÇ!I55,ORÇ!SETOP,3,)) -> PERSPECTIVA COLORIDA (50X70)CM | I55: CO-27483 | J55: SEINFRA | K55: =IF(J55="SINAPI",VLOOKUP(ORÇ!I55,ORÇ!SINAPI,3,),VLOOKUP(ORÇ!I55,ORÇ!SETOP,4,)) -> un | L55: 10 | M55: 1577.05 | N55: =ROUND(M55*L55,2) -> 15770.5
A56: 4.4 | B56: =IF(J56="SINAPI",VLOOKUP(ORÇ!I56,ORÇ!SINAPI,2,),VLOOKUP(ORÇ!I56,ORÇ!SETOP,3,)) -> PLANTA HUMANIZADA COLORIDA (50X70)CM | I56: CO-27485 | J56: SEINFRA | K56: =IF(J56="SINAPI",VLOOKUP(ORÇ!I56,ORÇ!SINAPI,3,),VLOOKUP(ORÇ!I56,ORÇ!SETOP,4,)) -> PR A1 | L56: 5 | M56: 1041.11 | N56: =ROUND(M56*L56,2) -> 5205.55
A57: 4.5 | B57: =IF(J57="SINAPI",VLOOKUP(ORÇ!I57,ORÇ!SINAPI,2,),VLOOKUP(ORÇ!I57,ORÇ!SETOP,3,)) -> PROJETO DE LAYOUT | I57: CO-27471 | J57: SEINFRA | K57: =IF(J57="SINAPI",VLOOKUP(ORÇ!I57,ORÇ!SINAPI,3,),VLOOKUP(ORÇ!I57,ORÇ!SETOP,4,)) -> PR A1 | L57: 15 | M57: 951.01 | N57: =ROUND(M57*L57,2) -> 14265.15
A58: 4.6 | B58: =IF(J58="SINAPI",VLOOKUP(ORÇ!I58,ORÇ!SINAPI,2,),VLOOKUP(ORÇ!I58,ORÇ!SETOP,3,)) -> VISTA TRATADA COLORIDA (50X70)CM | I58: CO-27484 | J58: SEINFRA | K58: =IF(J58="SINAPI",VLOOKUP(ORÇ!I58,ORÇ!SINAPI,3,),VLOOKUP(ORÇ!I58,ORÇ!SETOP,4,)) -> PR A1 | L58: 5 | M58: 1041.11 | N58: =ROUND(M58*L58,2) -> 5205.55
A59: 4.7 | B59: =IF(J59="SINAPI",VLOOKUP(ORÇ!I59,ORÇ!SINAPI,2,),VLOOKUP(ORÇ!I59,ORÇ!SETOP,3,)) -> PROJETO EXECUTIVO DE IMPERMEABILIZAÇÃO | I59: CO-27475 | J59: SEINFRA | K59: =IF(J59="SINAPI",VLOOKUP(ORÇ!I59,ORÇ!SINAPI,3,),VLOOKUP(ORÇ!I59,ORÇ!SETOP,4,)) -> PR A1 | L59: 5 | M59: 1682.78 | N59: =ROUND(M59*L59,2) -> 8413.9
A60: 4.8 | B60: =IF(J60="SINAPI",VLOOKUP(ORÇ!I60,ORÇ!SINAPI,2,),VLOOKUP(ORÇ!I60,ORÇ!SETOP,3,)) -> DESENHO DE CADASTRO DE CONSTRUÇÕES EXISTENTES | I60: CO-27486 | J60: SEINFRA | K60: =IF(J60="SINAPI",VLOOKUP(ORÇ!I60,ORÇ!SINAPI,3,),VLOOKUP(ORÇ!I60,ORÇ!SETOP,4,)) -> PR A1 | L60: 60 | M60: 510.19 | N60: =ROUND(M60*L60,2) -> 30611.4
A61: 4.9 | B61: =IF(J61="SINAPI",VLOOKUP(ORÇ!I61,ORÇ!SINAPI,2,),VLOOKUP(ORÇ!I61,ORÇ!SETOP,3,)) -> PROJETO EXECUTIVO DE ESTRUTURA DE CONCRETO | I61: CO-27427 | J61: SEINFRA | K61: =IF(J61="SINAPI",VLOOKUP(ORÇ!I61,ORÇ!SINAPI,3,),VLOOKUP(ORÇ!I61,ORÇ!SETOP,4,)) -> PR A1 | L61: 60 | M61: 1538.5 | N61: =ROUND(M61*L61,2) -> 92310
A62: 4.10 | B62: =IF(J62="SINAPI",VLOOKUP(ORÇ!I62,ORÇ!SINAPI,2,),VLOOKUP(ORÇ!I62,ORÇ!SETOP,3,)) -> PROJETO EXECUTIVO DE ESTRUTURA METÁLICA | I62: CO-27428 | J62: SEINFRA | K62: =IF(J62="SINAPI",VLOOKUP(ORÇ!I62,ORÇ!SINAPI,3,),VLOOKUP(ORÇ!I62,ORÇ!SETOP,4,)) -> PR A1 | L62: 30 | M62: 2229.76 | N62: =ROUND(M62*L62,2) -> 66892.8
A63: 4.11 | B63: =IF(J63="SINAPI",VLOOKUP(ORÇ!I63,ORÇ!SINAPI,2,),VLOOKUP(ORÇ!I63,ORÇ!SETOP,3,)) -> PROJETO EXECUTIVO DE INSTALAÇÕES HIDRO SANITÁRIAS | I63: CO-27430 | J63: SEINFRA | K63: =IF(J63="SINAPI",VLOOKUP(ORÇ!I63,ORÇ!SINAPI,3,),VLOOKUP(ORÇ!I63,ORÇ!SETOP,4,)) -> PR A1 | L63: 30 | M63: 1742.5 | N63: =ROUND(M63*L63,2) -> 52275
A64: 4.12 | B64: =IF(J64="SINAPI",VLOOKUP(ORÇ!I64,ORÇ!SINAPI,2,),VLOOKUP(ORÇ!I64,ORÇ!SETOP,3,)) -> PROJETO EXECUTIVO DE DRENAGEM PLUVIAL | I64: CO-27426 | J64: SEINFRA | K64: =IF(J64="SINAPI",VLOOKUP(ORÇ!I64,ORÇ!SINAPI,3,),VLOOKUP(ORÇ!I64,ORÇ!SETOP,4,)) -> PR A1 | L64: 60 | M64: 1321.43 | N64: =ROUND(M64*L64,2) -> 79285.8
... A78: 4.26 | B78: =IF(J78="SINAPI",VLOOKUP(ORÇ!I78,ORÇ!SINAPI,2,),VLOOKUP(ORÇ!I78,ORÇ!SETOP,3,)) -> PROJETO EXECUTIVO DE INFRAESTRUTURA DE CABEAMENTO ESTRUTURADO/CFTV/ALARME/SEGURANÇA/SONORIZAÇÃO | I78: CO-27433 | J78: SEINFRA | K78: =IF(J78="SINAPI",VLOOKUP(ORÇ!I78,ORÇ!SINAPI,3,),VLOOKUP(ORÇ!I78,ORÇ!SETOP,4,)) -> PR A1 | L78: 3 | M78: 1012.42 | N78: =ROUND(M78*L78,2) -> 3037.26
A79: SUBTOTAL | N79: =SUM(N53:N78) -> 962927.81
A80: 5 | B80: SONDAGENS E ENSAIOS GEOTÉCNICOS
A81: 5.1 | B81: =IF(J81="SINAPI",VLOOKUP(ORÇ!I81,ORÇ!SINAPI,2,),VLOOKUP(ORÇ!I81,ORÇ!SETOP,3,)) -> MOBILIZAÇÃO E DESMOBILIZAÇÃO DE EQUIPAMENTO DE SONDAGEM A PERCUSSÃO SPT (CUSTO FIXO) | I81: CO-28390 | J81: SEINFRA | K81: =IF(J81="SINAPI",VLOOKUP(ORÇ!I81,ORÇ!SINAPI,3,),VLOOKUP(ORÇ!I81,ORÇ!SETOP,4,)) -> un | L81: 30 | M81: 915.18 | N81: =ROUND(M81*L81,2) -> 27455.4 | P81: 30 | Q81: 1
A82: 5.2 | B82: =IF(J82="SINAPI",VLOOKUP(ORÇ!I82,ORÇ!SINAPI,2,),VLOOKUP(ORÇ!I82,ORÇ!SETOP,3,)) -> SONDAGEM A PERCUSSÃO SPT DIÂMETRO 2.1/2" | I82: CO-28388 | J82: SEINFRA | K82: =IF(J82="SINAPI",VLOOKUP(ORÇ!I82,ORÇ!SINAPI,3,),VLOOKUP(ORÇ!I82,ORÇ!SETOP,4,)) -> m | L82: =L81*12*4 -> 1440 | M82: 79.09 | N82: =ROUND(M82*L82,2) -> 113889.6 | P82: 30 | Q82: 12 | R82: 4
A83: SUBTOTAL | N83: =SUM(N81:N82) -> 141345
A84: 6 | B84: RELATÓRIOS TÉCNICOS
A85: 6.1 | B85: =IF(J85="SINAPI",VLOOKUP(ORÇ!I85,ORÇ!SINAPI,2,),VLOOKUP(ORÇ!I85,ORÇ!SETOP,3,)) -> ESPECIFICAÇÃO DOS MATERIAIS COM MEMORIAL DESCRITIVO DE CADA AMBIENTE E EQUIPAMENTOS PARA CONSTRUÇÕES NOVAS - ÁREA ACIMA DE 10.000 M2 | I85: CO-27454 | J85: SEINFRA | K85: =IF(J85="SINAPI",VLOOKUP(ORÇ!I85,ORÇ!SINAPI,3,),VLOOKUP(ORÇ!I85,ORÇ!SETOP,4,)) -> m2 | L85: =P85*Q85 -> 7500 | M85: 0.61 | N85: =ROUND(M85*L85,2) -> 4575 | P85: 15 | Q85: 500
A86: 6.2 | B86: =IF(J86="SINAPI",VLOOKUP(ORÇ!I86,ORÇ!SINAPI,2,),VLOOKUP(ORÇ!I86,ORÇ!SETOP,3,)) -> ESPECIFICAÇÃO DOS MATERIAIS COM MEMORIAL DESCRITIVO DE CADA AMBIENTE E EQUIPAMENTOS PARA CONSTRUÇÕES NOVAS - ÁREA ATÉ 1.000 M2 | I86: CO-27460 | J86: SEINFRA | K86: =IF(J86="SINAPI",VLOOKUP(ORÇ!I86,ORÇ!SINAPI,3,),VLOOKUP(ORÇ!I86,ORÇ!SETOP,4,)) -> m2 | L86: =P86*Q86 -> 7500 | M86: 2.43 | N86: =ROUND(M86*L86,2) -> 18225 | P86: 5 | Q86: 1500
A87: 6.3 | B87: =IF(J87="SINAPI",VLOOKUP(ORÇ!I87,ORÇ!SINAPI,2,),VLOOKUP(ORÇ!I87,ORÇ!SETOP,3,)) -> ESPECIFICAÇÃO DOS MATERIAIS COM MEMORIAL DESCRITIVO DE CADA AMBIENTE E EQUIPAMENTOS PARA CONSTRUÇÕES NOVAS - ÁREA DE 1.001 M2 A 2.000 M2 | I87: CO-27459 | J87: SEINFRA | K87: =IF(J87="SINAPI",VLOOKUP(ORÇ!I87,ORÇ!SINAPI,3,),VLOOKUP(ORÇ!I87,ORÇ!SETOP,4,)) -> m2 | L87: =P87*Q87 -> 9000 | M87: 2.12 | N87: =ROUND(M87*L87,2) -> 19080 | P87: 3 | Q87: 3000
A88: 6.4 | B88: =IF(J88="SINAPI",VLOOKUP(ORÇ!I88,ORÇ!SINAPI,2,),VLOOKUP(ORÇ!I88,ORÇ!SETOP,3,)) -> ESPECIFICAÇÃO DOS MATERIAIS COM MEMORIAL DESCRITIVO DE CADA AMBIENTE E EQUIPAMENTOS PARA CONSTRUÇÕES NOVAS - ÁREA DE 2.001 M2 A 4.000 M2 | I88: CO-27458 | J88: SEINFRA | K88: =IF(J88="SINAPI",VLOOKUP(ORÇ!I88,ORÇ!SINAPI,3,),VLOOKUP(ORÇ!I88,ORÇ!SETOP,4,)) -> m2 | L88: =P88*Q88 -> 15000 | M88: 1.83 | N88: =ROUND(M88*L88,2) -> 27450 | P88: 3 | Q88: 5000
A89: 6.5 | B89: =IF(J89="SINAPI",VLOOKUP(ORÇ!I89,ORÇ!SINAPI,2,),VLOOKUP(ORÇ!I89,ORÇ!SETOP,3,)) -> ESPECIFICAÇÃO DOS MATERIAIS COM MEMORIAL DESCRITIVO DE CADA AMBIENTE E EQUIPAMENTOS PARA CONSTRUÇÕES NOVAS - ÁREA DE 4.001 M2 A 6.000 M2 | I89: CO-27457 | J89: SEINFRA | K89: =IF(J89="SINAPI",VLOOKUP(ORÇ!I89,ORÇ!SINAPI,3,),VLOOKUP(ORÇ!I89,ORÇ!SETOP,4,)) -> m2 | L89: =P89*Q89 -> 12000 | M89: 1.52 | N89: =ROUND(M89*L89,2) -> 18240 | P89: 3 | Q89: 4000
A90: 6.6 | B90: =IF(J90="SINAPI",VLOOKUP(ORÇ!I90,ORÇ!SINAPI,2,),VLOOKUP(ORÇ!I90,ORÇ!SETOP,3,)) -> ESPECIFICAÇÃO DOS MATERIAIS COM MEMORIAL DESCRITIVO DE CADA AMBIENTE E EQUIPAMENTOS PARA CONSTRUÇÕES NOVAS - ÁREA DE 6.001 M2 A 8.000 M2 | I90: CO-27456 | J90: SEINFRA | K90: =IF(J90="SINAPI",VLOOKUP(ORÇ!I90,ORÇ!SINAPI,3,),VLOOKUP(ORÇ!I90,ORÇ!SETOP,4,)) -> m2 | L90: =P90*Q90 -> 24000 | M90: 1.21 | N90: =ROUND(M90*L90,2) -> 29040 | P90: 3 | Q90: 8000
A91: 6.7 | B91: =IF(J91="SINAPI",VLOOKUP(ORÇ!I91,ORÇ!SINAPI,2,),VLOOKUP(ORÇ!I91,ORÇ!SETOP,3,)) -> ESPECIFICAÇÃO DOS MATERIAIS COM MEMORIAL DESCRITIVO DE CADA AMBIENTE E EQUIPAMENTOS PARA CONSTRUÇÕES NOVAS - ÁREA DE 8.001 M2 A 10.000 M2 | I91: CO-27455 | J91: SEINFRA | K91: =IF(J91="SINAPI",VLOOKUP(ORÇ!I91,ORÇ!SINAPI,3,),VLOOKUP(ORÇ!I91,ORÇ!SETOP,4,)) -> m2 | L91: =P91*Q91 -> 45000 | M91: 0.91 | N91: =ROUND(M91*L91,2) -> 40950 | P91: 3 | Q91: 15000
A92: 6.8 | B92: =IF(J92="SINAPI",VLOOKUP(ORÇ!I92,ORÇ!SINAPI,2,),VLOOKUP(ORÇ!I92,ORÇ!SETOP,3,)) -> ESPECIFICAÇÃO DOS MATERIAIS COM MEMORIAL DESCRITIVO DE CADA AMBIENTE E EQUIPAMENTOS PARA REFORMA E/OU AMPLIAÇÃO DE EDIFICAÇÕES EXISTENTES - ÁREA ACIMA DE 10.000 M2 | I92: CO-27447 | J92: SEINFRA | K92: =IF(J92="SINAPI",VLOOKUP(ORÇ!I92,ORÇ!SINAPI,3,),VLOOKUP(ORÇ!I92,ORÇ!SETOP,4,)) -> m2 | L92: =P92*Q92 -> 7500 | M92: 0.52 | N92: =ROUND(M92*L92,2) -> 3900 | P92: 15 | Q92: 500
A93: 6.9 | B93: =IF(J93="SINAPI",VLOOKUP(ORÇ!I93,ORÇ!SINAPI,2,),VLOOKUP(ORÇ!I93,ORÇ!SETOP,3,)) -> ESPECIFICAÇÃO DOS MATERIAIS COM MEMORIAL DESCRITIVO DE CADA AMBIENTE E EQUIPAMENTOS PARA REFORMA E/OU AMPLIAÇÃO DE EDIFICAÇÕES EXISTENTES - ÁREA DE 1.001 M2 A 2.000 M2 | I93: CO-27452 | J93: SEINFRA | K93: =IF(J93="SINAPI",VLOOKUP(ORÇ!I93,ORÇ!SINAPI,3,),VLOOKUP(ORÇ!I93,ORÇ!SETOP,4,)) -> m2 | L93: =P93*Q93 -> 4500 | M93: 1.76 | N93: =ROUND(M93*L93,2) -> 7920 | P93: 3 | Q93: 1500
A94: 6.10 | B94: =IF(J94="SINAPI",VLOOKUP(ORÇ!I94,ORÇ!SINAPI,2,),VLOOKUP(ORÇ!I94,ORÇ!SETOP,3,)) -> ESPECIFICAÇÃO DOS MATERIAIS COM MEMORIAL DESCRITIVO DE CADA AMBIENTE E EQUIPAMENTOS PARA REFORMA E/OU AMPLIAÇÃO DE EDIFICAÇÕES EXISTENTES - ÁREA DE 2.001 M2 A 4.000 M2 | I94: CO-27451 | J94: SEINFRA | K94: =IF(J94="SINAPI",VLOOKUP(ORÇ!I94,ORÇ!SINAPI,3,),VLOOKUP(ORÇ!I94,ORÇ!SETOP,4,)) -> m2 | L94: =P94*Q94 -> 6000 | M94: 1.49 | N94: =ROUND(M94*L94,2) -> 8940 | P94: 2 | Q94: 3000
A95: 6.11 | B95: =IF(J95="SINAPI",VLOOKUP(ORÇ!I95,ORÇ!SINAPI,2,),VLOOKUP(ORÇ!I95,ORÇ!SETOP,3,)) -> ESPECIFICAÇÃO DOS MATERIAIS COM MEMORIAL DESCRITIVO DE CADA AMBIENTE E EQUIPAMENTOS PARA REFORMA E/OU AMPLIAÇÃO DE EDIFICAÇÕES EXISTENTES - ÁREA DE 4.001 M2 A 6.000 M2 | I95: CO-27450 | J95: SEINFRA | K95: =IF(J95="SINAPI",VLOOKUP(ORÇ!I95,ORÇ!SINAPI,3,),VLOOKUP(ORÇ!I95,ORÇ!SETOP,4,)) -> m2 | L95: =P95*Q95 -> 5000 | M95: 1.24 | N95: =ROUND(M95*L95,2) -> 6200 | P95: 1 | Q95: 5000
A96: 6.12 | B96: =IF(J96="SINAPI",VLOOKUP(ORÇ!I96,ORÇ!SINAPI,2,),VLOOKUP(ORÇ!I96,ORÇ!SETOP,3,)) -> ESPECIFICAÇÃO DOS MATERIAIS COM MEMORIAL DESCRITIVO DE CADA AMBIENTE E EQUIPAMENTOS PARA REFORMA E/OU AMPLIAÇÃO DE EDIFICAÇÕES EXISTENTES - ÁREA DE 6.001 M2 A 8.000 M2 | I96: CO-27449 | J96: SEINFRA | K96: =IF(J96="SINAPI",VLOOKUP(ORÇ!I96,ORÇ!SINAPI,3,),VLOOKUP(ORÇ!I96,ORÇ!SETOP,4,)) -> m2 | L96: =P96*Q96 -> 4000 | M96: 1 | N96: =ROUND(M96*L96,2) -> 4000 | P96: 1 | Q96: 4000
... A99: 6.15 | B99: =IF(J99="SINAPI",VLOOKUP(ORÇ!I99,ORÇ!SINAPI,2,),VLOOKUP(ORÇ!I99,ORÇ!SETOP,3,)) -> ESPECIFICAÇÃO DOS MATERIAIS COM MEMORIAL DESCRITIVO PARA OBRAS DE INFRAESTRUTURA | I99: CO-27439 | J99: SEINFRA | K99: =IF(J99="SINAPI",VLOOKUP(ORÇ!I99,ORÇ!SINAPI,3,),VLOOKUP(ORÇ!I99,ORÇ!SETOP,4,)) -> m2 | L99: =P99*Q99 -> 45000 | M99: 0.09 | N99: =ROUND(M99*L99,2) -> 4050 | P99: 9 | Q99: 5000
A100: SUBTOTAL | N100: =SUM(N85:N99) -> 228200
A101: 7 | B101: VISTORIA E CADASTRO
A102: 7.1 | B102: DESLOCAMENTO INTERMUNICIPAL | I102: CO-27499 | J102: SEINFRA | K102: =IF(J102="SINAPI",VLOOKUP(ORÇ!I102,ORÇ!SINAPI,3,),VLOOKUP(ORÇ!I102,ORÇ!SETOP,4,)) -> km | L102: 100000 | M102: 1.25 | N102: =ROUND(M102*L102,2) -> 125000
A103: SUBTOTAL | N103: =SUM(N102:N102) -> 125000
A104: 8 | B104: SERVIÇOS ADICIONAIS
A105: 7.1 | B105: PARA SERVIÇOS NÃO INCLUSOS NESTA ATA, DEVERÁ SER CONSULTADO AS TABELAS SINAPI REFERÊNCIA 01/2025 E SEINFRA REFERÊNCIA 01/2025
A106: TOTAL | N106: =N100+N83+N79+N43+N26+N20+N103 -> 3044284.8

Sheet SINAPI DEZEMBRO
C1: SINAPI OUTUBRO DE 2022
B2: CÓDIGO | C2: DESCRIÇÃO | D2: UNIDADE | E2: PREÇO
B3: 88238 | C3: AJUDANTE DE ARMADOR COM ENCARGOS COMPLEMENTARES | D3: H | E3: 17.38
B4: 88239 | C4: AJUDANTE DE CARPINTEIRO COM ENCARGOS COMPLEMENTARES | D4: H | E4: 18.66
B5: 88240 | C5: AJUDANTE DE ESTRUTURA METÁLICA COM ENCARGOS COMPLEMENTARES | D5: H | E5: 17.56
B6: 88241 | C6: AJUDANTE DE OPERAÇÃO EM GERAL COM ENCARGOS COMPLEMENTARES | D6: H | E6: 18.79
B7: 88242 | C7: AJUDANTE DE PEDREIRO COM ENCARGOS COMPLEMENTARES | D7: H | E7: 17.41
B8: 88243 | C8: AJUDANTE ESPECIALIZADO COM ENCARGOS COMPLEMENTARES | D8: H | E8: 18.62
B9: 88245 | C9: ARMADOR COM ENCARGOS COMPLEMENTARES | D9: H | E9: 23.1
B10: 88246 | C10: ASSENTADOR DE TUBOS COM ENCARGOS COMPLEMENTARES | D10: H | E10: 22.21
B11: 88247 | C11: AUXILIAR DE ELETRICISTA COM ENCARGOS COMPLEMENTARES | D11: H | E11: 19.31
B12: 88248 | C12: AUXILIAR DE ENCANADOR OU BOMBEIRO HIDRÁULICO COM ENCARGOS COMPLEMENTARES | D12: H | E12: 18.26
B13: 88249 | C13: AUXILIAR DE LABORATÓRIO COM ENCARGOS COMPLEMENTARES | D13: H | E13: 25.98
B14: 88250 | C14: AUXILIAR DE MECÂNICO COM ENCARGOS COMPLEMENTARES | D14: H | E14: 18.68
... B440: 101460 | C440: VIGIA DIURNO COM ENCARGOS COMPLEMENTARES | D440: MES | E440: 3037.99

Sheet SINAPI JANEIRO
A1: FONTE | B1: CÓDIGO | C1: DESCRIÇÃO | D1: UNIDADE | E1: DESONERADO | F1: NÃO DESONERADO
A2: SINAPI | B2: 88238 | C2: AJUDANTE DE ARMADOR COM ENCARGOS COMPLEMENTARES | D2: H | E2: 18,17 | F2: 20,18
A3: SINAPI | B3: 88239 | C3: AJUDANTE DE CARPINTEIRO COM ENCARGOS COMPLEMENTARES | D3: H | E3: 19,52 | F3: 21,78
A4: SINAPI | B4: 88240 | C4: AJUDANTE DE ESTRUTURA METÁLICA COM ENCARGOS COMPLEMENTARES | D4: H | E4: 17,57 | F4: 19,68
A5: SINAPI | B5: 88241 | C5: AJUDANTE DE OPERAÇÃO EM GERAL COM ENCARGOS COMPLEMENTARES | D5: H | E5: 19,65 | F5: 21,91
A6: SINAPI | B6: 88242 | C6: AJUDANTE DE PEDREIRO COM ENCARGOS COMPLEMENTARES | D6: H | E6: 18,21 | F6: 20,23
A7: SINAPI | B7: 88243 | C7: AJUDANTE ESPECIALIZADO COM ENCARGOS COMPLEMENTARES | D7: H | E7: 19,50 | F7: 21,76
A8: SINAPI | B8: 88245 | C8: ARMADOR COM ENCARGOS COMPLEMENTARES | D8: H | E8: 24,25 | F8: 27,23
A9: SINAPI | B9: 88246 | C9: ASSENTADOR DE TUBOS COM ENCARGOS COMPLEMENTARES | D9: H | E9: 22,22 | F9: 25,07
A10: SINAPI | B10: 88247 | C10: AUXILIAR DE ELETRICISTA COM ENCARGOS COMPLEMENTARES | D10: H | E10: 20,02 | F10: 22,34
A11: SINAPI | B11: 88248 | C11: AUXILIAR DE ENCANADOR OU BOMBEIRO HIDRÁULICO COM ENCARGOS COMPLEMENTARES | D11: H | E11: 19,07 | F11: 21,34
A12: SINAPI | B12: 88249 | C12: AUXILIAR DE LABORATÓRIO COM ENCARGOS COMPLEMENTARES | D12: H | E12: 25,99 | F12: 29,85
... A439: SINAPI | B439: 101460 | C439: VIGIA DIURNO COM ENCARGOS COMPLEMENTARES | D439: MES | E439: 3.171,74 | F439: 3.517,13

Sheet SETOP OUTUBRO
D1: SETOP JUNHO DE 2022
B2: CÓDIGO | C2: SETOP | D2: DESCRIÇÃO DO SERVIÇO | E2: UNIDADE | F2: CUSTO UNITÁRIO
B4: CÓDIGO | D4: DESCRIÇÃO DO SERVIÇO | E4: UNIDADE | F4: CUSTO UNITÁRIO
B5: CÓDIGO | D5: DESCRIÇÃO DO SERVIÇO | E5: UNIDADE | F5: CUSTO UNITÁRIO
B6: 10 | D6: CONSULTORIA
B7: 15 | D7: PROFISSIONAIS/CONSULTORES
B8: CO-27339 | D8: ENGENHEIRO/ARQUITETO CONSULTOR | E8: hora | F8: 147.85
B9: CO-27337 | D9: ENGENHEIRO/ARQUITETO CONSULTOR ESPECIAL | E9: hora | F9: 168.97
B10: CO-27342 | D10: ENGENHEIRO/ARQUITETO COORDENADOR | E10: hora | F10: 126.73
B11: CO-27347 | D11: ENGENHEIRO/ARQUITETO INTERMEDIÁRIO | E11: hora | F11: 97.15
B12: CO-27348 | D12: ENGENHEIRO/ARQUITETO JÚNIOR | E12: hora | F12: 84.49
B13: CO-27344 | D13: ENGENHEIRO/ARQUITETO SENIOR | E13: hora | F13: 109.84
B14: 215 | D14: DIÁRIA
B15: CO-24324 | D15: DIÁRIA COM PERNOITE, EXCLUSIVE TRANSPORTE, INCLUSIVE ALIMENTAÇÃO | E15: un | F15: 167.7
B16: 23 | D16: VEÍCULOS PARA VISTÓRIA/SUPERVISÃO
B17: CO-27674 | D17: VEÍCULO TIPO MINIVAN, COM CAPACIDADE PARA SETE (7) LUGARES, OBEDECIDOS OS SEGUINTES REQUISITOS MÍNIMOS: TER NO MÁXIMO UM (1) ANO DE USO, ATÉ 20.000KM RODADOS, POTÊNCIA MÍNIMA DE 110CV, DIREÇÃO ASSISTIDA, AR CONDICIONADO, DESEMBAÇADOR DE VIDROS, RÁDIO AM/FM, EMPLACADO, COM SEGURO TOTAL (CUSTO FIXO), EXCLUSIVE QUILÔMETRO RODADO (CUSTO VARIÁVEL) | E17: mês | F17: 2179.11
B18: CO-27675 | D18: VEÍCULO TIPO MINIVAN, COM CAPACIDADE PARA SETE (7) LUGARES, OBEDECIDOS OS SEGUINTES REQUISITOS MÍNIMOS: TER NO MÁXIMO UM (1) ANO DE USO, ATÉ 20.000KM RODADOS, POTÊNCIA MÍNIMA DE 110CV, DIREÇÃO ASSISTIDA, AR CONDICIONADO, DESEMBAÇADOR DE VIDROS, RÁDIO AM/FM, EMPLACADO, COM SEGURO TOTAL, INCLUSIVE MANUTENÇÃO E COMBUSTÍVEL (CUSTO VARIÁVEL) | E18: km | F18: 1.53
B19: CO-28364 | D19: VEÍCULO TIPO PICAPE LEVE, COM CAPACIDADE PARA CINCO (5) LUGARES, OBEDECIDOS OS SEGUINTES REQUISITOS MÍNIMOS: TER NO MÁXIMO UM (1) ANO DE USO, ATÉ 20.000KM RODADOS, POTÊNCIA MÍNIMA DE 100CV, DIREÇÃO ASSISTIDA, AR CONDICIONADO, DESEMBAÇADOR DE VIDROS, RÁDIO AM/FM, EMPLACADO, COM SEGURO TOTAL (CUSTO FIXO), EXCLUSIVE QUILÔMETRO RODADO (CUSTO VARIÁVEL) | E19: mês | F19: 1764.97
B20: CO-28366 | D20: VEÍCULO TIPO PICAPE LEVE, COM CAPACIDADE PARA CINCO (5) LUGARES, OBEDECIDOS OS SEGUINTES REQUISITOS MÍNIMOS: TER NO MÁXIMO UM (1) ANO DE USO, ATÉ 20.000KM RODADOS, POTÊNCIA MÍNIMA DE 100CV, DIREÇÃO ASSISTIDA, AR CONDICIONADO, DESEMBAÇADOR DE VIDROS, RÁDIO AM/FM, EMPLACADO, COM SEGURO TOTAL, INCLUSIVE MANUTENÇÃO E COMBUSTÍVEL (CUSTO VARIÁVEL) | E20: km | F20: 1.25
B21: CO-27676 | D21: VEÍCULO TIPO VAN, COM CAPACIDADE PARA QUINZE (15) LUGARES, OBEDECIDOS OS SEGUINTES REQUISITOS MÍNIMOS: TER NO MÁXIMO UM (1) ANO DE USO, ATÉ 20.000KM RODADOS, POTÊNCIA MÍNIMA DE 130CV, DIREÇÃO ASSISTIDA, AR CONDICIONADO, DESEMBAÇADOR DE VIDROS, RÁDIO AM/FM, EMPLACADO, COM SEGURO TOTAL (CUSTO FIXO), EXCLUSIVE QUILÔMETRO RODADO (CUSTO VARIÁVEL) | E21: mês | F21: 7511.13
B22: CO-27677 | D22: VEÍCULO TIPO VAN, COM CAPACIDADE PARA QUINZE (15) LUGARES, OBEDECIDOS OS SEGUINTES REQUISITOS MÍNIMOS: TER NO MÁXIMO UM (1) ANO DE USO, ATÉ 20.000KM RODADOS, POTÊNCIA MÍNIMA DE 130CV, DIREÇÃO ASSISTIDA, AR CONDICIONADO, DESEMBAÇADOR DE VIDROS, RÁDIO AM/FM, EMPLACADO, COM SEGURO TOTAL, INCLUSIVE MANUTENÇÃO E COMBUSTÍVEL (CUSTO VARIÁVEL) | E22: km | F22: 1.78
B23: 31 | D23: PROJETO
B24: 33 | D24: LEVANTAMENTO PLANIALTIMÉTRICO
B25: CO-27369 | D25: LEVANTAMENTO PLANIALTIMÉTRICO E CADASTRAL - TERRENO MAIOR QUE 50.001 M2 | E25: m2 | F25: 0.24
B26: CO-27361 | D26: LEVANTAMENTO PLANIALTIMÉTRICO E CADASTRAL -TERRENO ATÉ 2.000 M2 | E26: un | F26: 1002.03
B27: CO-27367 | D27: LEVANTAMENTO PLANIALTIMÉTRICO E CADASTRAL -TERRENO DE 10.001 A 50.000 M2 | E27: m2 | F27: 0.31
B28: CO-27363 | D28: LEVANTAMENTO PLANIALTIMÉTRICO E CADASTRAL -TERRENO DE 2.001 A 10.000 M2 | E28: un | F28: 2453.33
B29: 34 | D29: PLANILHAS ORÇAMENTÁRIAS
B30: CO-27397 | D30: PLANILHA ORÇAMENTÁRIA PARA CONSTRUÇÕES NOVAS - ÁREA ACIMA DE 10.000 M2 | E30: m2 | F30: 0.82
B31: CO-27390 | D31: PLANILHA ORÇAMENTÁRIA PARA CONSTRUÇÕES NOVAS - ÁREA ATÉ 1.000 M2 | E31: m2 | F31: 3.35
B32: CO-27391 | D32: PLANILHA ORÇAMENTÁRIA PARA CONSTRUÇÕES NOVAS - ÁREA DE 1.001 M2 A 2.000 M2 | E32: m2 | F32: 2.91
B33: CO-27392 | D33: PLANILHA ORÇAMENTÁRIA PARA CONSTRUÇÕES NOVAS - ÁREA DE 2.001 M2 A 4.000 M2 | E33: m2 | F33: 2.52
B34: CO-27394 | D34: PLANILHA ORÇAMENTÁRIA PARA CONSTRUÇÕES NOVAS - ÁREA DE 4.001 M2 A 6.000 M2 | E34: m2 | F34: 2.08
B35: CO-27395 | D35: PLANILHA ORÇAMENTÁRIA PARA CONSTRUÇÕES NOVAS - ÁREA DE 6.001 M2 A 8.000 M2 | E35: m2 | F35: 1.65
B36: CO-27396 | D36: PLANILHA ORÇAMENTÁRIA PARA CONSTRUÇÕES NOVAS - ÁREA DE 8.001 M2 A 10.000 M2 | E36: m2 | F36: 1.26
B37: CO-27413 | D37: PLANILHA ORÇAMENTÁRIA PARA OBRAS DE INFRAESTRUTURA | E37: m2 | F37: 0.09
B38: CO-27388 | D38: PLANILHA ORÇAMENTÁRIA PARA PROJETOS DE IMPLANTAÇÃO DE EDIFICAÇÃO - ÁREA ACIMA DE 16.000 M2 | E38: m2 | F38: 0.09
B39: CO-27382 | D39: PLANILHA ORÇAMENTÁRIA PARA PROJETOS DE IMPLANTAÇÃO DE EDIFICAÇÃO - ÁREA DE 11.001 M2 ATÉ 13.000 M2 | E39: m2 | F39: 0.19
B40: CO-27385 | D40: PLANILHA ORÇAMENTÁRIA PARA PROJETOS DE IMPLANTAÇÃO DE EDIFICAÇÃO - ÁREA DE 13.001 M2 ATÉ 16.000 M2 | E40: m2 | F40: 0.14
B41: CO-27375 | D41: PLANILHA ORÇAMENTÁRIA PARA PROJETOS DE IMPLANTAÇÃO DE EDIFICAÇÃO - ÁREA DE 6.001 M2 ATÉ 7.000 M2 | E41: m2 | F41: 0.34
... B58: CO-27411 | D58: PLANILHA ORÇAMENTÁRIA PARA REFORMA E/OU AMPLIAÇÃO DE PATRIMÔNIOS HISTÓRICOS - ÁREA DE 8.001 M2 A 10.000 M2 | E58: m2 | F58: 1.55
B59: 35 | D59: PROJETOS DE EDIFICAÇÃO
B60: CO-27417 | D60: ANTEPROJETO DE EDIFICAÇÃO - ÁREA > 3.000 M2 | E60: un | F60: 9558.94
B61: CO-27414 | D61: ANTEPROJETO DE EDIFICAÇÃO - ÁREA <= 600 M2 | E61: un | F61: 2785.21
B62: CO-27416 | D62: ANTEPROJETO DE EDIFICAÇÃO - 1.500 M2 < ÁREA <= 3.000 M2 | E62: un | F62: 8353.83
B63: CO-27415 | D63: ANTEPROJETO DE EDIFICAÇÃO - 600 M2 < ÁREA <= 1.500 M2 | E63: un | F63: 5570.42
B64: CO-27418 | D64: ANTEPROJETO DE IMPLANTAÇÃO DE EDIFICAÇÃO PADRÃO COM ÁREA DE PROJEÇÃO < = 600 M2 | E64: un | F64: 1873.88
B65: CO-27421 | D65: ANTEPROJETO DE IMPLANTAÇÃO DE EDIFICAÇÃO PADRÃO COM ÁREA DE PROJEÇÃO > 3.000 M2 | E65: un | F65: 7642.05
B66: CO-27420 | D66: ANTEPROJETO DE IMPLANTAÇÃO DE EDIFICAÇÃO PADRÃO COM 1.500 < ÁREA DE PROJEÇÃO <= 3.000 M2 | E66: un | F66: 5827.27
B67: CO-27419 | D67: ANTEPROJETO DE IMPLANTAÇÃO DE EDIFICAÇÃO PADRÃO COM 600 M2 < ÁREA DE PROJEÇÃO = 1.500 M2 | E67: un | F67: 2920.87
B68: CO-27493 | D68: COMPATIBILIZAÇÃO DE PROJETOS COM ACIMA DE 1000.000 M2 | E68: m2 | F68: 0.5
B69: CO-27487 | D69: COMPATIBILIZAÇÃO DE PROJETOS COM ÁREA ATÉ 10.000 M2 | E69: m2 | F69: 1.88
B70: CO-27488 | D70: COMPATIBILIZAÇÃO DE PROJETOS COM ÁREA DE 10.001 M2 ATÉ 20.000 M2 | E70: m2 | F70: 1.66
B71: CO-27489 | D71: COMPATIBILIZAÇÃO DE PROJETOS COM ÁREA DE 20.001 M2 ATÉ 40.000 M2 | E71: m2 | F71: 1.42
... B107: CO-27484 | D107: VISTA TRATADA COLORIDA (50X70)CM | E107: PR A1 | F107: 770.58
B108: 37 | D108: VISTORIA E CADASTRO
B109: CO-27499 | D109: DESLOCAMENTO INTERMUNICIPAL | E109: km | F109: 1.53
B110: CO-27498 | D110: TÉCNICO DE NÍVEL MÉDIO | E110: hora | F110: 25.79
B111: CO-27497 | D111: TÉCNICO DE NÍVEL SUPERIOR | E111: hora | F111: 84.49
B112: 38 | D112: RELATÓRIO TÉCNICO
B113: CO-27379 | D113: COMO CONSTRUÍDO ("AS BUILT") DE PROJETOS COM ACIMA DE 1000.000 M2 | E113: m2 | F113: 0.18
B114: CO-27389 | D114: COMO CONSTRUÍDO ("AS BUILT") DE PROJETOS COM ÁREA ATÉ 10.000 M2 | E114: m2 | F114: 0.67
B115: CO-27387 | D115: COMO CONSTRUÍDO ("AS BUILT") DE PROJETOS COM ÁREA DE 10.001 M2 ATÉ 20.000 M2 | E115: m2 | F115: 0.58
B116: CO-27386 | D116: COMO CONSTRUÍDO ("AS BUILT") DE PROJETOS COM ÁREA DE 20.001 M2 ATÉ 40.000 M2 | E116: m2 | F116: 0.5
B117: CO-27384 | D117: COMO CONSTRUÍDO ("AS BUILT") DE PROJETOS COM ÁREA DE 40.001 M2 ATÉ 60.000 M2 | E117: m2 | F117: 0.42
B118: CO-27383 | D118: COMO CONSTRUÍDO ("AS BUILT") DE PROJETOS COM ÁREA DE 60.001 M2 ATÉ 80.000 M2 | E118: m2 | F118: 0.34
B119: CO-27381 | D119: COMO CONSTRUÍDO ("AS BUILT") DE PROJETOS COM ÁREA DE 80.001 M2 ATÉ 1000.000 M2 | E119: m2 | F119: 0.26
B120: CO-27439 | D120: ESPECIFICAÇÃO DOS MATERIAIS COM MEMORIAL DESCRITIVO PARA OBRAS DE INFRAESTRUTURA | E120: m2 | F120: 0.05
B121: CO-27454 | D121: ESPECIFICAÇÃO DOS MATERIAIS COM MEMORIAL DESCRITIVO DE CADA AMBIENTE E EQUIPAMENTOS PARA CONSTRUÇÕES NOVAS - ÁREA ACIMA DE 10.000 M2 | E121: m2 | F121: 0.4
B122: CO-27460 | D122: ESPECIFICAÇÃO DOS MATERIAIS COM MEMORIAL DESCRITIVO DE CADA AMBIENTE E EQUIPAMENTOS PARA CONSTRUÇÕES NOVAS - ÁREA ATÉ 1.000 M2 | E122: m2 | F122: 1.64
B123: CO-27459 | D123: ESPECIFICAÇÃO DOS MATERIAIS COM MEMORIAL DESCRITIVO DE CADA AMBIENTE E EQUIPAMENTOS PARA CONSTRUÇÕES NOVAS - ÁREA DE 1.001 M2 A 2.000 M2 | E123: m2 | F123: 1.44
B124: CO-27458 | D124: ESPECIFICAÇÃO DOS MATERIAIS COM MEMORIAL DESCRITIVO DE CADA AMBIENTE E EQUIPAMENTOS PARA CONSTRUÇÕES NOVAS - ÁREA DE 2.001 M2 A 4.000 M2 | E124: m2 | F124: 1.23
... B169: CO-27343 | D169: MANUAL DE USO, OPERAÇÃO E MANUTENÇÃO DAS EDIFICAÇÕES PARA REFORMA E/OU AMPLIAÇÃO DE PATRIMÔNIOS HISTÓRICOS- ÁREA DE 2.001 M2 A 4.000 M2 | E169: m2 | F169: 0.45
B170: 39 | D170: CRITÉRIOS PARA PAGAMENTO DE PRANCHA
B171: CO-27352 | D171: CRITÉRIOS P/ PAGAMENTO DE PRANCHAS - A0 | E171: % A1 | F171: 170
B172: CO-27355 | D172: CRITÉRIOS P/ PAGAMENTO DE PRANCHAS - A1 ALONGADO | E172: % A1 | F172: 130
B173: CO-27356 | D173: CRITÉRIOS P/ PAGAMENTO DE PRANCHAS - A2 | E173: % A1 | F173: 50
B174: CO-27358 | D174: CRITÉRIOS P/ PAGAMENTO DE PRANCHAS - A3 | E174: % A1 | F174: 25
B175: 245 | D175: SONDAGEM
B176: CO-28390 | D176: MOBILIZAÇÃO E DESMOBILIZAÇÃO DE EQUIPAMENTO DE SONDAGEM A PERCUSSÃO SPT (CUSTO FIXO) | E176: un | F176: 656.84
B177: CO-28389 | D177: MOBILIZAÇÃO E DESMOBILIZAÇÃO DE EQUIPAMENTO DE SONDAGEM A PERCUSSÃO SPT (CUSTO VARIÁVEL, EXCLUSIVE CUSTO FIXO) | E177: km | F177: 2.5
B178: CO-28388 | D178: SONDAGEM A PERCUSSÃO SPT DIÂMETRO 2.1/2" | E178: m | F178: 72.5
B179: SEINFRA
B180: Rod. Papa João Paulo II, nº 4.143. Prédio Minas, 7º andar Serra Verde - CEP: 31630-901 - BH/MG Fone: (31) 3915-8309 | Fax: 3915-9352 www.transportes.mg.gov.br

Sheet Plan1
C4: 1728
C5: 1728
C6: 3456
C7: 3456
C8: 3456 | F8: 35 | L8: 20000 | M8: 26
C9: 1728 | F9: 35 | J9: 130 | L9: 10000 | M9: 156
C10: 2592 | F10: 350000 | J10: 325 | L10: 10000 | M10: 153
C11: 2592 | F11: 1750000 | J11: 130 | L11: 15000 | M11: 340
C12: 1728 | J12: 42 | L12: 20000 | M12: 364
C13: 1728 | L13: 25000 | M13: 156
C14: 1728 | L14: 25000 | M14: 156
C15: 1728 | L15: 20000 | M15: 156 | Q15: 20000
C16: 6912 | L16: 10000 | M16: 26 | Q16: 10000
C17: 3456 | L17: 10000 | M17: 26 | Q17: 10000
L18: 15000 | M18: 52 | P18: 170 | Q18: 15000
L19: 20000 | M19: 65 | P19: 4250 | Q19: 20000
L20: 25000 | M20: 26 | P20: 144 | Q20: 25000
L21: 25000 | M21: 78 | P21: 144 | Q21: 25000
L22: 2500 | M22: 68 | P22: 144 | Q22: 20000
L23: 5000 | M23: 78 | P23: 144 | Q23: 10000
L24: 8000 | M24: 156 | P24: 144 | Q24: 10000
L25: 12000 | M25: 65 | P25: 144 | Q25: 15000
L26: 16000 | P26: 144 | Q26: 20000
L27: 20000 | Q27: 25000
L28: 20000 | Q28: 25000
L29: 5040000 | Q29: 2500
Q30: 5000
Q31: 8000
Q32: 12000
Q33: 16000
Q34: 20000
Q35: 20000
Q36: 5040000
